 Dungeon Crawl Stone Soup version 0.31-a0-672-g7da72447bb (webtiles) character file.

Game seed: 4310188473194337898

2149 rvierbuc the Conjurer (level 9, -4/57 HPs)
             Began as a Demonspawn Conjurer on Sept 5, 2023.
             Killed from afar by a steam dragon (20 damage)
             ... with a ball of steam
             ... on level 6 of the Dungeon.
             The game lasted 00:24:59 (7446 turns).

rvierbuc the Conjurer (Demonspawn Conjurer)         Turns: 7446, Time: 00:25:01

Health: -4/57      AC:  6    Str:  8    XL:     9   Next: 9%
Magic:  12/17      EV: 19    Int: 28    God:
Gold:   570        SH:  4    Dex: 13    Spells: 10/19 levels left

rFire   . . .        j - +3 short sword
rCold   . . .        (no shield)
rNeg    . . .        a - +0 robe
rPois   .            (no helmet)
rElec   .            l - +2 cloak
rCorr   .            C - +0 pair of gloves
SInv    .            (no boots)
Will    .....        y - amulet of regeneration
Stlth   +++          i - +6 ring of intelligence
HPRegen 1.09/turn    A - +5 ring of evasion
MPRegen 0.15/turn

%: no passive effects
@: no status effects
A: large bone plates 1, icemail 2, powered by death 2, condensation shield,
demonic touch 1
a: no special abilities


You were on level 6 of the Dungeon.
You visited 1 branch of the dungeon, and saw 6 of its levels.
You also visited: Ossuary.

You collected 570 gold pieces.

Inventory:

Hand Weapons
 j - a +3 short sword (weapon)
 t - a +1 heavy war axe
 B - a +1 short sword of electrocution
Armour
 a - a +0 robe (worn)
 k - an orb of light
 l - a +2 cloak (worn)
 C - a +0 pair of gloves (worn)
 D - the +1 pair of boots "Toask" {Dex+3 Slay+2}
   (You found it on level 4 of the Dungeon)

   Dex+3:     It affects your dexterity (+3).
   Slay+2:    It affects your accuracy & damage with ranged weapons and melee
   (+2).
 F - +0 steam dragon scales
 I - a +0 tower shield
Jewellery
 f - a ring of ice
 i - a +6 ring of intelligence (left hand)
 y - an amulet of regeneration (around neck)
 A - a +5 ring of evasion (right hand)
 E - a ring of see invisible
Wands
 G - a wand of flame (9)
 H - a wand of roots (19)
Scrolls
 c - a scroll of vulnerability {unknown}
 g - 2 scrolls of torment {unknown}
 h - 3 scrolls of teleportation {unknown}
 m - a scroll of revelation {unknown}
 n - a scroll of immolation {unknown}
 o - 4 scrolls of poison {unknown}
 p - a scroll of brand weapon {unknown}
 u - 2 scrolls of summoning {unknown}
 v - 2 scrolls of blinking {unknown}
 w - 2 scrolls of amnesia
 x - 2 scrolls of fog
 K - 3 scrolls of identify
Potions
 b - 2 potions of magic
 d - a potion of haste {unknown}
 e - 5 potions of heal wounds
 q - 2 potions of degeneration
 r - a potion of attraction
 s - 4 potions of might
 z - 6 potions of curing
 J - a potion of cancellation {unknown}
 L - a potion of lignification {unknown}


   Skills:
 + Level 5.7 Dodging
 + Level 6.1 Stealth
 + Level 5.8 Spellcasting
 + Level 7.3 Conjurations


You had 10 spell levels left.
You knew the following spells:

 Your Spells              Type           Power      Damage    Failure   Level
a - Magic Dart            Conj           100%       1d8       1%          1
b - Searing Ray           Conj           98%        2d8       1%          2
c - Blink                 Tloc           16%        N/A       10%         2
d - Fulminant Prism       Conj/Hex       14%        3d8       14%         4

Your spell library contained the following spells:

 Spells                   Type           Power      Damage    Failure   Level
 Momentum Strike          Conj/Tloc      56%        3d9       1%          2
 Dazzling Flash           Conj/Hex       56%        N/A       4%          3
 Ensorcelled Hibernation  Hex/Ice        16%        N/A       10%         2
 Lesser Beckoning         Tloc           16%        N/A       10%         2
 Sublimation of Blood     Necr           8%         N/A       10%         2
 Iskenderun's Mystic Bla  Conj/Tloc      28%        2d7       14%         4
 Irradiate                Conj/Tmut      14%        3d16      36%         5
 Anguish                  Hex/Necr       4%         N/A       52%         4
 Leda's Liquefaction      Hex/Erth       4%         N/A       52%         4
 Petrify                  Tmut/Erth      8%         N/A       52%         4
 Lee's Rapid Deconstruct  Erth           4%         3d5*      86%         5
 Leda's Unmaking          Conj/Erth      14%        9d3       91%         6


Dungeon Overview and Level Annotations

Branches:
Dungeon (6/15)            Ossuary (visited)
 Temple: D:4-7

Altars:
Dithmenos
Kikubaaqudgha


Innate Abilities, Weirdness & Mutations

You are partially covered in large bone plates. (SH +4)
A meltable icy envelope protects you from harm. (AC +0)
You regenerate health from kills.
A meltable shield of frost defends you. (SH +0)
Your touch may inflict minor irresistible damage on your foes.


Message History

Aim: a steam dragon (lightly wounded, 100% to hit)
The magic dart hits the steam dragon.
The steam dragon is moderately wounded.
You are engulfed in a cloud of scalding steam.
Your icy defences dissipate!
The fungus is engulfed in a cloud of scalding steam.
Aiming: Magic Dart (safe; 1% risk of failure)
Press: ? - help, Q - select action, (/) - cycle Shift-Dir - straight line, f/p - steam dragon
Aim: a steam dragon (moderately wounded, 100% to hit)
The magic dart hits the steam dragon.
The steam dragon is moderately wounded.
You are engulfed in a cloud of scalding steam.
The fungus is engulfed in a cloud of scalding steam.
The fungus begins to die.
The fungus is engulfed in a cloud of scalding steam.
The fungus begins to die.
You are engulfed in a cloud of scalding steam.
Casting: Magic Dart (safe; 1% risk of failure)
Confirm with . or Enter, or press ? or * to list all spells.
Aiming: Searing Ray (safe; 1% risk of failure)
Press: ? - help, Shift-Dir - straight line, f/p - steam dragon
Aim: a steam dragon (moderately wounded, 83% to hit)
The searing ray hits the steam dragon!
The steam dragon is moderately wounded.
The searing ray hits the steam dragon!
The steam dragon is severely wounded. (Press . to maintain the ray.)
You are engulfed in a cloud of scalding steam.
The steam dragon breathes steam at you.
The ball of steam hits the steam dragon!
The steam dragon resists.
The ball of steam hits you!!
* * * LOW HITPOINT WARNING * * *
The searing ray hits the steam dragon.
The steam dragon is severely wounded.
A nearby fungus withers and dies.
The fungus is engulfed in a cloud of scalding steam.
The fungus begins to die.
A nearby fungus withers and dies.
The steam dragon breathes steam at you. The ball of steam hits you!!
You die...

###[..####...#.##### ####...#
##....#.# #
###########....######..####.#####
.................................
######.##......############.#####
#### #.######### ##~P### #.# ##
~P~###.. #######^.PP~~###.####.
~P.^~#######P§§.§.P~...P##.......
P..^~~........§§@D§D.....#.......
.........PPP.P§.P..~....~#.......
PP.P.^PPP#########P....P≈#.......
P~######## #~.P~~##....... ###
#~P.##........ ####.........
#............ ############
##............ #..........#
####.............


You could see a steam dragon (catching breath).

Vanquished Creatures
  Grinder (D:4)
  A steam dragon (D:6)
  A sky beast (D:6)
  2 black bears
  A centaur (D:6)
  A phantom (D:6)
  A kobold brigand (D:6)
  A bullfrog (D:6)
  A gnoll sergeant (D:5)
  3 scorpions
  7 jellies
  3 hounds (D:6)
  An orc priest (D:5)
  A gnoll bouda (D:6)
  3 iguanas
  5 orc wizards
  8 mummies (Ossuary)
  9 adders
  12 gnolls
  A white imp (D:5)
  An ufetubus (D:5)
  2 worms (D:3)
  4 dart slugs
  15 orcs
  11 endoplasms
  21 giant cockroaches
  2 gnoll zombies (Ossuary)
  4 goblins
  11 hobgoblins
  4 jackals (D:1)
  2 quokkas
  7 ball pythons
  5 bats
  2 frilled lizards
  2 hobgoblin zombies (Ossuary)
  15 kobolds
  2 kobold zombies (Ossuary)
  2 orc zombies (Ossuary)
  5 rats
  A rat zombie (D:6)
181 creatures vanquished.

Vanquished Creatures (others)
  An orc wizard (D:4)
1 creature vanquished.

Grand Total: 182 creatures vanquished

Notes
Turn   | Place    | Note
-------+----------+-------------------------------------------
     0 | D:1      | rvierbuc the Demonspawn Conjurer began the quest for the
                  | Orb.
     0 | D:1      | Reached XP level 1. HP: 13/13 MP: 3/3
   305 | D:1      | Gained mutation: A meltable shield of frost defends you.
                  | (SH +0) [demonic ancestry]
   305 | D:1      | Reached XP level 2. HP: 16/19 MP: 3/5
   308 | D:1      | Learned a level 2 spell: Searing Ray
   963 | D:1      | Gained mutation: A meltable icy envelope protects you from
                  | harm. (AC +0) [demonic ancestry]
   963 | D:1      | Reached XP level 3. HP: 24/24 MP: 3/6
  1803 | D:2      | Gained mutation: Your touch may inflict minor irresistible
                  | damage on your foes. [demonic ancestry]
  1803 | D:2      | Reached XP level 4. HP: 30/30 MP: 4/8
  1838 | D:2      | Found an ancient bone altar of Kikubaaqudgha.
  2672 | D:3      | Found a shadowy altar of Dithmenos.
  2747 | D:3      | Gained mutation: You regenerate a little health from kills.
                  | [demonic ancestry]
  2747 | D:3      | Reached XP level 5. HP: 35/35 MP: 5/9
  3848 | D:3      | Reached skill level 5 in Conjurations
  3848 | D:3      | Reached XP level 6. HP: 28/41 MP: 2/11
  4030 | D:4      | Learned a level 2 spell: Blink
  4035 | D:4      | Learned a level 4 spell: Fulminant Prism
  4566 | D:4      | Identified the +1 pair of boots "Toask" {Dex+3 Slay+2}
  4568 | D:4      | Noticed Grinder
  4583 | D:4      | Killed Grinder
  4584 | D:4      | Gained mutation: You regenerate health from kills. [demonic
                  | ancestry]
  4584 | D:4      | Reached XP level 7. HP: 46/46 MP: 3/13
  5475 | D:5      | Entered Level 5 of the Dungeon
  5650 | D:5      | Reached skill level 6 in Conjurations
  5919 | D:5      | Gained mutation: You are partially covered in large bone
                  | plates. (SH +4) [demonic ancestry]
  5919 | D:5      | Reached XP level 8. HP: 52/52 MP: 9/14
  6145 | D:6      | Reached skill level 5 in Stealth
  6185 | D:6      | Reached skill level 5 in Spellcasting
  6215 | D:6      | Reached skill level 5 in Dodging
  6258 | D:6      | Reached skill level 7 in Conjurations
  6352 | D:6      | Found a sand-covered staircase.
  6363 | Ossuary  | Entered an ossuary
  6858 | D:6      | Found a glowing drain.
  7010 | D:6      | Gained mutation: A meltable icy envelope protects you from
                  | harm. (AC +0) [demonic ancestry]
  7010 | D:6      | Reached XP level 9. HP: 57/57 MP: 8/17
  7446 | D:6      | Killed from afar by a steam dragon

Illustrated notes

Levels and vault maps discovered:
D:1:      dpeg_arrival_tiny_a, layout_loops_corners, patterned_corridor
D:2:      layout_basic, basic_altar
D:3:      minmay_roachtagon, layout_basic, mainiacjoe_overflow_alcove_1,
          serial_aquarium, aquarium_bridge_straight [aquarium_subvault_bridge,
          aquarium_subvault_window, aquarium_subvault_bridge,
          aquarium_subvault_window], aquarium_bridge_straight
          [aquarium_subvault_bridge, aquarium_subvault_window,
          aquarium_subvault_bridge, aquarium_subvault_window],
          aquarium_window_1, aquarium_window_2, aquarium_view_4
D:4:      cheibrodos_fertilizer, layout_cave_pods, uniq_grinder
D:5:      layout_basic, nemelex_dance_club_becter, kb_lookout_dungeons_type
D:6:      kennysheep_steamy, layout_rooms, portal_sewer_entry_b,
          enter_ossuary_3, minmay_joined_circles

Skill      XL: |  1  2  3  4  5  6  7  8 |
---------------+-------------------------+-----
Dodging        | 2 3 4 5 |  5.7
Stealth        | 2 3 4 6 |  6.1
Spellcasting   | 3 4 5 |  5.8
Conjurations   | 5 6 7 |  7.3

Action                     |  1- 3 |  4- 6 |  7- 9 || total
---------------------------+-------+-------+-------++-------
  Melee: Unarmed           |       |     4 |       ||     4
         Short sword       |       |     8 |    14 ||    22
         Touch             |       |       |     4 ||     4
         Punch             |       |       |     1 ||     1
   Cast: Magic Dart        |    75 |   144 |   139 ||   358
         Searing Ray       |       |     9 |    23 ||    32
    Use: Scroll            |       |       |     7 ||     7
 Armour: Robe              |     5 |    31 |    81 ||   117
  Dodge: Dodged            |     6 |    28 |    57 ||    91
  Block: Other             |     1 |     5 |    46 ||    52

Table legend: (Time is in decaauts)
 A = Elapsed time spent in this place.
 B = Non-inter-level travel time spent in this place.
 C = Inter-level travel time spent in this place.
 D = Time resting spent in this place.
 E = Time spent auto-exploring this place.
 F = Levels seen in this place.
 G = Mean time per level.
                   A        B        C        D        E       F      G
               +--------+--------+--------+--------+--------+-----+--------+
         Total |   7451 |   7366 |     85 |    894 |   5279 |   7 | 1064.4 |
       Dungeon |   6964 |   6879 |     85 |    815 |   4955 |   6 | 1160.7 |
       Ossuary |    486 |    486 |      0 |     79 |    324 |   1 |  486.0 |
               +--------+--------+--------+--------+--------+-----+--------+

Top non-repeatable levels by time:
     D:3: 1609 daAuts
     D:4: 1551 daAuts
     D:1: 1439 daAuts
     D:2: 877 daAuts
     D:6: 827 daAuts
     D:5: 659 daAuts
 Ossuary: 486 daAuts
